 Dungeon Crawl Stone Soup version 0.29.0-4-gdea44cf6ec (webtiles) character file.

Game seed: 13541888403644468464

60 qw the Chopper (level 4, -2/26 HPs)
             Began as a Tengu Warper on Aug 28, 2022.
             Slain by a gnoll
             ... wielding a +0 halberd
              (3 damage)
             ... on level 3 of the Dungeon.
             The game lasted 00:00:07 (1462 turns).

qw the Chopper (Tengu Warper)                       Turns: 1462, Time: 00:00:08

Health: -2/26      AC:  6    Str: 14    XL:     4   Next: 4%
Magic:  8/8        EV: 11    Int: 13    God:
Gold:   83         SH:  0    Dex: 13    Spells: 7/7 levels left

rFire   . . .      SeeInvis .   Y - +0 hand axe
rCold   . . .      Faith    .   (no shield)
rNeg    . . .      Spirit   .   c - +0 ring mail
rPois   .          Reflect  .   (helmet restricted)
rElec   .          Harm     .   h - +0 cloak
rCorr   .          Rampage  .   (no gloves)
Will    .....                   (boots unavailable)
Stlth   +.........              (no amulet)
HPRegen 0.08/turn               (no ring)
MPRegen 0.11/turn               (no ring)

@: weak-willed
A: beak, talons 3
a: no special abilities


You were on level 3 of the Dungeon.
You visited 1 branch of the dungeon, and saw 3 of its levels.

You collected 132 gold pieces.
You spent 49 gold pieces at shops.


Innate Abilities, Weirdness & Mutations

You have a beak for a mouth.
You have claws for feet.


   Skills:
 - Level 2.0 Fighting
 + Level 4.6 Axes
 - Level 1.0 Throwing
 - Level 1.1 Armour
 - Level 2.1 Dodging
 - Level 2.0 Spellcasting
 - Level 2.4 Translocations


You had 7 spell levels left.
You didn't know any spells.
Your spell library contained the following spells:

 Spells                   Type           Power      Damage    Failure   Level
 Blink                    Tloc           14%        N/A       30%         2
 Gell's Gravitas          Tloc           7%         N/A       52%         3
 Lesser Beckoning         Tloc           7%         N/A       52%         3
 Teleport Other           Tloc           7%         N/A       52%         3
 Manifold Assault         Tloc           7%         N/A       99%         5

Inventory:

Hand Weapons
 g - a +0 flail
 Y - a +0 hand axe (weapon)
Missiles
 j - 2 javelins (quivered)
Armour
 c - a +0 ring mail (worn)
 h - a +0 cloak (worn)
Potions
 b - a potion of haste {unknown}
 f - a potion of ambrosia {unknown}
 i - a potion of curing {unknown}

Dungeon Overview and Level Annotations

Branches:
Dungeon (3/15)

Altars:

Shops:
D:2 [


Message History

The gnoll barely misses you. The endoplasm barely misses you.
You hit the gnoll but do no damage. You peck the gnoll.
The gnoll is severely wounded.
You hit the gnoll but do no damage. x2; You hit the endoplasm.
The gnoll misses you. The gnoll hits you with a +0 spear.
The gnoll hits you with a +0 flail. The gnoll closely misses you.
The endoplasm barely misses you.
An adder comes into view.
The adder hisses angrily.
You hit the endoplasm.
You kill the endoplasm!
You hit the gnoll but do no damage. You hit the gnoll.
You closely miss the gnoll. The gnoll hits you with a +0 spear.
The gnoll barely misses you. The gnoll hits you with a +0 flail.
The gnoll barely misses you.
You slash the gnoll!
You kill the gnoll!
You barely miss the gnoll. You hit the gnoll. The gnoll closely misses you.
The gnoll barely misses you. The gnoll hits you but does no damage.
You hit the gnoll. You claw the gnoll.
You kill the gnoll!
You miss the frilled lizard. You hit the gnoll but do no damage.
The gnoll barely misses you. The gnoll misses you.
The frilled lizard bites you but does no damage.
A dart slug comes into view.
You have reached level 4!
You feel stronger.
You hit the gnoll. You claw the gnoll.
The gnoll is heavily wounded.
You miss the frilled lizard. The gnoll closely misses you.
The gnoll hits you but does no damage. The frilled lizard misses you.
You hit the gnoll.
You kill the gnoll!
You hit the frilled lizard but do no damage.
The frilled lizard bites you but does no damage.
The gnoll hits you but does no damage. The adder bites you but does no damage.
The frilled lizard bites you.
The gnoll hits you from afar with a +0 halberd.
You die...

.. .. ##. #..
###.########
#.$........#
#....lg....#
#...@S...w..
#.<..).....#
#..........#
#...........
#...........
...........#
...##########
...# ...


You could see a gnoll, an adder, a dart slug and a frilled lizard.

Vanquished Creatures
  3 gnolls (D:3)
  An adder (D:2)
  A worm (D:2)
  2 bats (D:1)
  2 endoplasms
  A giant cockroach (D:1)
  3 goblins (D:1)
  3 jackals (D:2)
  3 quokkas
  3 ball pythons (D:2)
  A frilled lizard (D:2)
  3 kobolds
  2 rats
28 creatures vanquished.

Notes
Turn   | Place    | Note
-------+----------+-------------------------------------------
     0 | D:1      | qw the Tengu Warper began the quest for the Orb.
     0 | D:1      | Reached XP level 1. HP: 12/12 MP: 4/4
     0 | D:1      | 0 ||| qw: Version: 0.1-a-89-g26bdef1
     0 | D:1      | 0 ||| qw: Game counter: 3061
     0 | D:1      | 0 ||| qw: Always use a shield: true
     0 | D:1      | 0 ||| qw: God list: Okawaru
     0 | D:1      | 0 ||| qw: Allow faded altars: false
     0 | D:1      | 0 ||| qw: Do Orc after D:15 true
     0 | D:1      | 0 ||| qw: Do second Lair branch before Depths: true
     0 | D:1      | 0 ||| qw: Lair rune preference: random
     0 | D:1      | 0 ||| qw: Plans: Normal
     0 | D:1      | 0 ||| PLANNING D:1-11
    92 | D:1      | 92 ||| DROPPING +0 mace.
   193 | D:1      | 193 ||| Stepping ~*~*~tactically~*~*~ (stealth).
   196 | D:1      | Reached XP level 2. HP: 16/17 MP: 6/6
   198 | D:1      | Reached skill level 3 in Axes
   394 | D:1      | Found a faded altar of an unknown god.
   701 | D:1      | 701 ||| UPGRADING to +1 leather armour of cold resistance.
   711 | D:1      | 711 ||| DROPPING +0 leather armour.
   712 | D:1      | 712 ||| READING scroll labelled COSITER IJIS.
   834 | D:1      | 834 ||| READING scroll labelled UNI NORHEYQUDD.
   835 | D:1      | 835 ||| DRINKING 2 viscous orange potions.
   836 | D:1      | 836 ||| DROPPING scroll of blinking.
   837 | D:1      | 837 ||| DROPPING potion of invisibility.
  1013 | D:2      | Identified the +5 mace of False Hope {vorpal, *Corrode MP+9
                  | Str+5 Stlth+}
  1015 | D:2      | 1015 ||| DROPPING +5 mace of False Hope {vorpal, *Corrode
                  | MP+9 Str+5 Stlth+}.
  1076 | D:2      | 1076 ||| Stepping ~*~*~tactically~*~*~ (stealth).
  1078 | D:2      | 1078 ||| Stepping ~*~*~tactically~*~*~ (stealth).
  1081 | D:2      | 1081 ||| Stepping ~*~*~tactically~*~*~ (stealth).
  1091 | D:2      | Found Oluinilo's Armour Shoppe.
  1103 | D:2      | 1103 ||| BUYING +0 cloak (49 gold).
  1103 | D:2      | Bought a +0 cloak for 49 gold pieces
  1103 | D:2      | 1103 ||| SHOPLISTING +1 pair of gloves (126 gold, have 77).
  1103 | D:2      | 1103 ||| SHOPLISTING +1 ring mail of Tetim {rPois Dex+3}
                  | (291 gold, have 77).
  1103 | D:2      | 1103 ||| SHOPLISTING +2 hood of the Assassin {Detection
                  | Stab+ Stlth++} (660 gold, have 77).
  1103 | D:2      | 1103 ||| SHOPLISTING +2 ring mail of cold resistance (231
                  | gold, have 77).
  1107 | D:2      | 1107 ||| Stepping ~*~*~tactically~*~*~ (stealth).
  1127 | D:2      | Reached XP level 3. HP: 20/21 MP: 7/7
  1240 | D:2      | Reached skill level 4 in Axes
  1421 | D:2      | 1421 ||| UPGRADING to +0 ring mail.
  1431 | D:2      | 1431 ||| DROPPING +1 leather armour of cold resistance.
  1432 | D:2      | 1432 ||| UPGRADING to +0 cloak.
  1437 | D:2      | 1437 ||| READING scroll labelled HIAFEO GEOBOPH.
  1438 | D:2      | 1438 ||| READING scroll labelled DAENYGRA USHA.
  1439 | D:2      | 1439 ||| READING scroll labelled POSASOATUR.
  1458 | D:3      | HP: 5/21 [gnoll/+0 spear (2)]
  1458 | D:3      | HP: 2/21 [gnoll/+0 flail (3)]
  1461 | D:3      | Reached XP level 4. HP: 3/26 MP: 8/8
  1462 | D:3      | Slain by a gnoll

Levels and vault maps discovered:
D:1:      wheals_arrival_linesprint, layout_basic,
          ebering_ecumenical_altar_petrified, nicolae_figureground_pulse
D:2:      layout_rooms, serial_shops, nicolae_square_shop
D:3:      layout_rooms, mainiacjoe_overflow_tiny_flanked, zin_academy

Skill      XL: |  1  2  3 |
---------------+----------+-----
Axes           | 3 4 |  4.6
Fighting       | |  2.0
Throwing       | |  1.0
Armour         | |  1.1
Dodging        | |  2.1
Spellcasting   | |  2.0
Translocations | |  2.4

Action                   |  1- 3 |  4- 6 || total
-------------------------+-------+-------++-------
Melee: Hand axe          |    49 |     2 ||    51
       Kick              |     9 |     1 ||    10
       Peck              |     5 |       ||     5
Throw: Boomerang         |     7 |       ||     7
       Javelin           |    17 |       ||    17
  Use: Scroll            |     5 |       ||     5
       Potion            |     1 |       ||     1
Armor: Leather armour    |    17 |       ||    17
       Ring mail         |     4 |     4 ||     8
Dodge: Dodged            |    33 |     2 ||    35

Table legend:
 A = Non-vault XP
 B = Vault XP
 C = Vault XP percentage of total XP
 D = Non-vault monster count
 E = Vault monster count
 F = Vault count percentage of total count
                 A         B        C        D         E       F
            +---------+---------+-------+---------+---------+-------
      Total |     100 |       0 |   0.0 |      28 |       0 |   0.0
            +---------+---------+-------+---------+---------+-------
        D:1 |      20 |       0 |   0.0 |      11 |       0 |   0.0
        D:2 |      36 |       0 |   0.0 |      13 |       0 |   0.0
        D:3 |      44 |       0 |   0.0 |       4 |       0 |   0.0
            +---------+---------+-------+---------+---------+-------
